 Dungeon Sprint DCSS version 0.30-a0-622-gddc90eaa04 (webtiles) character file.

Game seed: 14019346969191337089

42 BigDaddyOpFi the Nimble (level 7, -1/56 HPs)
             Began as an Octopode Fighter on Jan 10, 2023.
             Shot with an arrow by a centaur (12 damage)
             ... in the Dungeon (Sprint VI: "Thunderdome").
             The game lasted 00:02:27 (505 turns).

BigDaddyOpFi the Nimble (Octopode Fighter)           Turns: 505, Time: 00:02:27

Health: -1/56      AC:  1    Str: 24    XL:     7   Next: 45%
Magic:  0/0        EV: 18    Int:  9    God:
Gold:   0          SH:  7    Dex: 19    Spells: 6/6 levels left

rFire   + . .      SeeInvis +    a - +0 war axe
rCold   + . .      Faith    .    b - +0 buckler
rNeg    . . .      Spirit   .    (helmet restricted)
rPois   .          Reflect  .    o - amulet "Xeget" {Acrobat Fragile Will+ rCorr}
rElec   .          Harm     .    n - ring of Sin {rF+ rCorr Dex+4}
rCorr   +          Rampage  .    p - ring "Reawn" {rC+ Will+ Str+2 Int-5}
Will    ++...      NoTele   +    q - ring of Manuekao {Wiz MP-9 Str+5 Dex+3}
Stlth   +++                      s - ring of Okawaru's Whim {Int+4 SInv}
HPRegen 0.29/turn                (no ring)
MPRegen 0.07/turn                (no ring)
                                 (no ring)
                                 (no ring)

@: mighty, slowed, lost intelligence, unable to read, very slow
A: almost no armour, amphibious, 8 rings, camouflage 1, gelatinous body 1,
(nimble swimmer 1), tentacles
a: no special abilities


You were in the Dungeon.
You visited 1 branch You collected 270 gold pieces.
You spent 270 gold pieces at shops.

Inventory:

Hand Weapons
 a - a +0 war axe (weapon)
Armour
 b - a +0 buckler (worn)
Jewellery
 n - the ring of Sin (left tentacle) {rF+ rCorr Dex+4}
   (You bought it in a shop in the Dungeon)

   [ring of resist corrosion]

   Dex:       It affects your dexterity (+4).
   rF:        It protects you from fire.
   rCorr:     It protects you from acid and corrosion.
 o - the amulet "Xeget" (around mantle) {Acrobat Fragile Will+ rCorr}
   (You bought it in a shop in the Dungeon)

   [amulet of the acrobat]

   It increases your evasion while moving and waiting.
   rCorr:     It protects you from acid and corrosion.
   Fragile:   It will be destroyed if unequipped.
   Will:      It increases your willpower.
 p - the ring "Reawn" (right tentacle) {rC+ Will+ Str+2 Int-5}
   (You bought it in a shop in the Dungeon)

   [ring of protection from cold]

   Str:       It affects your strength (+2).
   Int:       It affects your intelligence (-5).
   rC:        It protects you from cold.
   Will:      It increases your willpower.
 q - the ring of Manuekao (on tentacle) {Wiz MP-9 Str+5 Dex+3}
   (You bought it in a shop in the Dungeon)

   [ring of wizardry]

   It improves your spell success rate.
   Str:       It affects your strength (+5).
   Dex:       It affects your dexterity (+3).
   MP:        It affects your magic capacity (-9).
 r - the ring "Zuered" {*Slow rN+ Will+ Int-5 Dex+8}
   (You bought it in a shop in the Dungeon)

   [ring of positive energy]

   Int:       It affects your intelligence (-5).
   Dex:       It affects your dexterity (+8).
   rN:        It protects you from negative energy.
   *Slow:     It may slow you when you take damage.
   Will:      It increases your willpower.
 s - the ring of Okawaru's Whim (on tentacle) {Int+4 SInv}
   (You bought it in a shop in the Dungeon)

   [ring of see invisible]

   Int:       It affects your intelligence (+4).
   SInv:      It lets you see invisible.
Wands
 k - a wand of light (5)
 l - a wand of iceblast (5)
Scrolls
 i - 4 scrolls of blinking
 m - 3 scrolls of fog
Potions
 d - a potion of curing
 e - a potion of heal wounds
 f - 4 potions of haste
 g - 3 potions of magic
 h - a potion of berserk rage
 j - a potion of resistance


   Skills:
 + Level 8.4 Fighting
 + Level 8.1 Axes
 + Level 8.5 Dodging
 + Level 8.4 Shields


You had 6 spell levels left.
You didn't know any spells.
Your spell library was empty.

Dungeon Overview and Level Annotations

Branches:
Dungeon (1/1)

Altars:
Cheibriados
Dithmenos
Gozag
Kikubaaqudgha
Qazlal
Ru
Sif Muna
Trog
Vehumet
Wu Jian
Yredelemnul
Zin
The Shining One

Shops:
D *[??*?*:[((


Innate Abilities, Weirdness & Mutations

You cannot wear most types of armour.
You are amphibious.
You can wear up to eight rings at the same time.
Your skin changes colour to match your surroundings (Stealth+).
Your rubbery body absorbs attacks. (AC +1, EV +1)
((You are camouflaged when in or above water. (Stealth+)))
You have tentacles for arms and can constrict up to eight enemies at once.


Message History

Where to? (? - help)
Okay, then.
s - the ring of Okawaru's Whim {Int+4 SInv} Thank you for shopping at Ligops's Jewellery!
You feel clever.
s - the ring of Okawaru's Whim (on tentacle) {Int+4 SInv} You start resting.
Get ready!
You start resting.
ROUND 4!
FIGHT!
LIGHTNING ROUND!
You sense a tension in the west.
A merfolk siren and 2 merfolk come into view.
There are monsters nearby!
A centaur comes into view.
A wyvern comes into view.
You see here a +0 spear.
A merfolk siren comes into view. It is wielding a +0 spear. 50...
You feel very mighty all of a sudden.
The merfolk shouts!
The merfolk siren shouts!
The merfolk hits you from afar with a +0 trident.
Sorry, you're not good enough to have a special ability.
The merfolk siren chants a haunting song.
You easily resist.
The merfolk completely misses you.
The merfolk siren hits you from afar with a +0 spear!
The merfolk completely misses you.
The merfolk shouts!
You closely miss the merfolk. Your grab misses the merfolk.
The centaur wields a +0 shortbow.
The centaur shoots an arrow.
The arrow closely misses you.
The merfolk siren chants a haunting song.
You resist with almost no effort. You block the merfolk's attack.
The centaur shoots an arrow.
The arrow hits you! You block the merfolk siren's attack.
The merfolk hits you with a +0 trident!
* * * LOW HITPOINT WARNING * * *
The merfolk siren chants a haunting song.
You resist with almost no effort.
You barely miss the merfolk. Your grab misses the merfolk.
You block the merfolk siren's attack.
The centaur shoots an arrow.
The arrow hits you!
You die...

#........_# #_........#
#_......._#
###.........##
#§...........⌠
######.8.†.......8.
##.___....[.###.....
###∩)†....).8.# .8...
##...m@.....†..###.....
#⌠..m......†###...#
#⌠...mm.....# #.<.#
#⌠..........###...#
##.......[.....###..
###∩...c....8.# .8..
##∩_._......###.....
######.8.........8.
#⌠...........⌠


You could see 2 merfolk, 2 merfolk sirens and a centaur.

Vanquished Creatures
  A steam dragon (D)
  4 sky beasts (D)
  A hound (D)
  2 jellies (D)
  Crazy Yiuf (D)
  2 gnolls (D)
  4 endoplasms (D)
15 creatures vanquished.

Notes
Turn   | Place    | Note
-------+----------+-------------------------------------------
     0 | D        | BigDaddyOpFi the Octopode Fighter began the quest for the
                  | Orb.
     0 | D        | Reached XP level 1. HP: 16/16 MP: 1/1
     4 | D        | Found a glowing silver altar of Zin.
     5 | D        | Found a basalt altar of Yredelemnul.
     5 | D        | Found a glowing golden altar of the Shining One.
     5 | D        | Round 1.
     6 | D        | Found a sacrificial altar of Ru.
     6 | D        | Found an ornate altar of the Wu Jian Council.
     7 | D        | Found a shimmering blue altar of Sif Muna.
     7 | D        | Found Waxeug's Identification Station.
     8 | D        | Found Ligops's Jewellery.
     8 | D        | Found Ukhlathy's Advanced Armour.
    16 | D        | Bought a clouded steel ring for 45 gold pieces
    16 | D        | Identified the ring of Sin {rF+ rCorr Dex+4} (You bought it
                  | in a shop in the Dungeon)
    16 | D        | Bought a sparkling tin amulet for 45 gold pieces
    16 | D        | Identified the amulet "Xeget" {Acrobat Fragile Will+ rCorr}
                  | (You bought it in a shop in the Dungeon)
    16 | D        | Bought a coiled pewter ring for 45 gold pieces
    16 | D        | Identified the ring "Reawn" {rC+ Will+ Str+2 Int-5} (You
                  | bought it in a shop in the Dungeon)
    16 | D        | Bought an ancient glass ring for 45 gold pieces
    16 | D        | Identified the ring of Manuekao {Wiz MP-9 Str+5 Dex+3} (You
                  | bought it in a shop in the Dungeon)
    21 | D        | Noticed a jelly
    34 | D        | Killed a jelly
    35 | D        | Reached XP level 2. HP: 15/22 MP: 0/2
    35 | D        | Reached XP level 3. HP: 19/27 MP: 0/3
    35 | D        | Found a snail-covered altar of Cheibriados.
    95 | D        | Found a shadowy altar of Dithmenos.
    96 | D        | Found a stormy altar of Qazlal.
   106 | D        | Reached XP level 4. HP: 13/34 MP: 0/4
   111 | D        | Found Kuykhlyim's Premium Goods.
   113 | D        | Found a radiant altar of Vehumet.
   113 | D        | Found an ancient bone altar of Kikubaaqudgha.
   113 | D        | Found Riatyr's Weapon Rack.
   113 | D        | Found Hoyketer's Miscellaneous Merchandise.
   113 | D        | Found Namar's Basic Armour.
   138 | D        | Arena points: 14 (+14) [x2]
   195 | D        | Round 2.
   195 | D        | Noticed Crazy Yiuf
   201 | D        | Killed Crazy Yiuf
   202 | D        | Reached skill level 5 in Fighting
   202 | D        | Reached skill level 5 in Dodging
   202 | D        | Reached skill level 5 in Shields
   211 | D        | Reached skill level 5 in Axes
   211 | D        | Reached XP level 5. HP: 36/40 MP: 0/5
   346 | D        | Arena points: 24 (+10) [x1]
   357 | D        | Bought a scintillating iron ring for 45 gold pieces
   357 | D        | Identified the ring "Zuered" {*Slow rN+ Will+ Int-5 Dex+8}
                  | (You bought it in a shop in the Dungeon)
   357 | D        | Lost intelligence.
   361 | D        | Round 3.
   371 | D        | Noticed a steam dragon
   377 | D        | Found Ewodd's Magic Scroll Shop.
   378 | D        | Noticed a sky beast
   378 | D        | Found an opulent altar of Gozag.
   378 | D        | Found a bloodstained altar of Trog.
   378 | D        | Found Atuonack's Staff Store.
   378 | D        | Found Eheu's Magic Scroll Shop.
   378 | D        | Found Ceceugh's Must-Have Magic.
   387 | D        | Killed a sky beast
   388 | D        | Reached XP level 6. HP: 27/47 MP: 0/6
   393 | D        | Noticed a sky beast
   394 | D        | Killed a steam dragon
   397 | D        | Noticed a sky beast
   399 | D        | Killed a sky beast
   400 | D        | Reached XP level 7. HP: 23/54 MP: 0/7
   486 | D        | Arena points: 42 (+18) [x1]
   490 | D        | Bought a crude granite ring for 45 gold pieces
   490 | D        | Identified the ring of Okawaru's Whim {Int+4 SInv} (You
                  | bought it in a shop in the Dungeon)
   497 | D        | Round 4.
   498 | D        | Noticed a merfolk
   498 | D        | Noticed a merfolk siren
   498 | D        | Noticed a merfolk
   498 | D        | Noticed a wyvern
   499 | D        | Noticed a merfolk siren
   505 | D        | Shot with an arrow by a centaur

Illustrated notes

Levels and vault maps discovered:
D:        arena_sprint

Skill      XL: |  1  2  3  4  5  6  7 |
---------------+----------------------+-----
Fighting       | 4 5 6 7 8 |  8.4
Axes           | 3 4 5 6 7 8 |  8.1
Dodging        | 4 5 6 7 8 |  8.5
Shields        | 4 5 6 7 8 |  8.4

Action                   |  1- 3 |  4- 6 |  7- 9 || total
-------------------------+-------+-------+-------++-------
Melee: War axe           |     7 |    25 |    10 ||    42
       Tentacles         |     1 |     7 |     1 ||     9
       Punch             |     1 |       |       ||     1
       Constrict         |       |     3 |       ||     3
  Use: Potion            |       |     3 |     1 ||     4
 Stab: Distracted        |       |       |     1 ||     1
Dodge: Dodged            |     1 |    35 |     9 ||    45
Block: Buckler           |     1 |    13 |     5 ||    19

Table legend: (Time is in decaauts)
 A = Elapsed time spent in this place.
 B = Non-inter-level travel time spent in this place.
 C = Inter-level travel time spent in this place.
 D = Time resting spent in this place.
 E = Time spent auto-exploring this place.
 F = Levels seen in this place.
 G = Mean time per level.
                   A        B        C        D        E       F      G
               +--------+--------+--------+--------+--------+-----+--------+
         Total |    586 |    586 |      0 |    347 |      0 |   1 |  586.0 |
       Dungeon |    586 |    586 |      0 |    347 |      0 |   1 |  586.0 |
               +--------+--------+--------+--------+--------+-----+--------+

Top non-repeatable levels by time:
       D: 586 daAuts
